 Dungeon Crawl Stone Soup version 0.23-a0-641-g0a7f1ce553 (webtiles) character file.

3549 LLavrengius the Thaumaturge (level 9, -5/72 HPs)
             Began as a Mummy Necromancer on Dec 30, 2018.
             Was a Follower of Kikubaaqudgha.
             Killed by divine providence
             ... invoked by a meliai
              (11 damage)
             ... on level 9 of the Dungeon.
             The game lasted 00:42:49 (9736 turns).

LLavrengius the Thaumaturge (Mummy Necromancer)     Turns: 9736, Time: 00:42:50

Health: -5/72      AC: 13    Str: 11    XL:     9   Next: 83%
Magic:  19/31      EV: 10    Int: 18    God:    Kikubaaqudgha [*.....]
Gold:   532        SH:  0    Dex: 12    Spells: 18/27 levels left

rFire    x . .     SeeInvis .   A - +3 spear
rCold    + . .     Gourm    .   (no shield)
rNeg     + + +     Faith    .   s - quicksilver dragon scales
rPois    ∞         Spirit   .   D - +2 hat
rElec    .         Reflect  .   i - +1 cloak
rCorr    .         Harm     .   (no gloves)
MR       +++..                  (no boots)
Stlth    +.........             (no amulet)
HPRegen  0.22/turn              x - ring of magical power
MPRegen  0.22/turn              r - ring of protection from magic

@: about to teleport
A: no food or potions, fire vulnerability, cold resistance 1, negative energy
resistance 3, torment resistance, unbreathing
a: Receive Corpses, Renounce Religion


You were on level 9 of the Dungeon.
You worshipped Kikubaaqudgha.
Kikubaaqudgha was aware of your devotion.
You were not hungry.

You visited 2 branches of the dungeon, and saw 10 of its levels.

You collected 532 gold pieces.

Inventory:

Hand Weapons
 f - a +1 dagger of venom
 h - a +0 long sword
 o - a +0 hunting sling
 t - a +0 dagger of electrocution
 w - a +0 blowgun
 A - a +3 spear (weapon)
Missiles
 k - 138 arrows
 p - 153 stones (quivered)
 y - 18 poisoned needles
Armour
 i - a +1 cloak (worn)
 s - quicksilver dragon scales (worn)
 D - a +2 hat (worn)
Magical Staves
 z - an uncursed staff of wizardry
Jewellery
 l - an uncursed ring of fire
 r - a ring of protection from magic (right hand)
 x - a ring of magical power (left hand)
Wands
 j - a wand of polymorph (9)
 q - a wand of flame (27)
Scrolls
 a - 2 scrolls of magic mapping
 b - 2 scrolls of blinking
 c - 7 scrolls of remove curse
 d - a scroll of enchant armour
 e - 5 scrolls of enchant weapon
 g - 2 scrolls of random uselessness {unknown}
 m - 6 scrolls of fog
 n - a scroll of identify
 u - 4 scrolls of fear
 v - 3 scrolls of teleportation
 B - a scroll of vulnerability {unknown}
 C - a scroll of torment {unknown}


   Skills:
 + Level 7.5 Fighting
 + Level 3.3 Polearms
 - Level 1.5 Dodging
 - Level 1.5 Stealth
 + Level 9.6 Spellcasting
 + Level 9.0 Necromancy


You had 18 spell levels left.
You knew the following spells:

 Your Spells              Type           Power        Failure   Level  Hunger
a - Pain                  Necr           ####         1%          1    N/A
b - Animate Skeleton      Necr           N/A          1%          1    N/A
c - Vampiric Draining     Necr           #####.....   1%          3    N/A
d - Animate Dead          Necr           N/A          4%          4    N/A

Your spell library contained the following spells:

 Spells                   Type           Power        Failure   Level  Hunger
 Corpse Rot               Necr           N/A          1%          2    N/A
 Corona                   Hex            #......      21%         1    N/A
 Slow                     Hex            #.......     30%         2    N/A
 Inner Flame              Hex/Fire       #.......     52%         3    N/A
 Portal Projectile        Hex/Tloc       #.....       52%         3    N/A
 Cause Fear               Hex            #.........   90%         4    N/A
 Leda's Liquefaction      Hex/Erth       #.........   90%         4    N/A
 Regeneration             Chrm/Necr      Unusable     N/A         3    N/A

Dungeon Overview and Level Annotations

Branches:
Dungeon (9/15)             Temple (1/1) D:6             Orc (0/2) D:9
   Lair: D:8-11

Altars:
Ashenzari
Dithmenos
Elyvilon
Fedhas
Gozag
Hepliaklqana
Kikubaaqudgha
Makhleb
Nemelex Xobeh
Okawaru
Qazlal
Ru
Sif Muna
Trog
Uskayaw
Vehumet
Wu Jian
Xom
Yredelemnul
Zin
The Shining One

Shops:
D:4 [   D:7 !

Annotations:
D:5 1 runed door


Innate Abilities, Weirdness & Mutations

You do not eat or drink.
Your flesh is vulnerable to fire.
You are immune to poison.
Your flesh is cold resistant. (rC+)
You are immune to negative energy. (rN+++)
You are immune to unholy pain and torment.
You can survive without breathing.


Message History

The meliai hits you with a +0 hand axe.
* * * LOW HITPOINT WARNING * * *
The meliai stings you.
* * * LOW HITPOINT WARNING * * *
Casting: Vampiric Draining (safe; 1% risk of failure)
Confirm with . or Enter, or press ? or * to list all spells.
Aiming: Vampiric Draining (safe; 1% risk of failure)
Press: ? - help, Shift-Dir - straight line, f/p - meliai
Aim: a meliai, wielding a +0 hand axe and wearing a +0 leather armour (severely You kill the meliai!
Kikubaaqudgha accepts your kill.
You feel your dexterity returning.
Your Necromancy skill increases to level 9!
You feel life coursing into your body. The meliai hits you with a +0 war axe.
* * * LOW HITPOINT WARNING * * *
The meliai closely misses you.
The meliai calls down the wrath of its god upon you.
Something smites you!
You die...
Kikubaaqudgha rasps: "You have failed me!
Welcome... oblivion!"

########...............
......................÷
####...................
#.............######
#........>....#
#.............#
#####.............#
......y.....).....######
§§.§≈§y@................
≈#+#§.########..........
+.§ #..######## # #..#
#..# #..########
.############...÷......
.......................
........................


You could see 2 meliai.

Vanquished Creatures
  A meliai (D:9)
  A hornet (D:9)
  2 hippogriffs (D:9)
  Duvessa (D:5)
  An orc warrior (D:9)
  2 ice beasts
  3 ogres
  A crocodile (D:9)
  3 centaurs
  2 big kobolds
  6 bullfrogs
  Dowan (D:5)
  3 scorpions
  A howler monkey (D:4)
  2 crimson imps
  A quasit (D:9)
  2 jellies
  3 hounds
  5 orc wizards
  2 orc priests
  A bullfrog skeleton (D:5)
  4 iguanas
  Ijyb (D:3)
  5 worker ants
  A howler monkey zombie (D:8)
  Robin (D:2)
  8 gnolls
  A howler monkey skeleton (D:8)
  9 adders
  A shadow imp (D:5)
  5 oozes
  An adder zombie (D:9)
  A worm (D:2)
  2 dart slugs
  7 leopard geckos
  19 orcs
  A ball python (D:2)
  8 giant cockroaches
  22 goblins
  7 hobgoblins
  17 jackals
  A quokka (D:4)
  8 bats
  5 frilled lizards
  A jackal zombie (D:5)
  9 kobolds
  A leopard gecko skeleton (D:4)
  A quokka skeleton (D:6)
  14 rats
205 creatures vanquished.

Vanquished Creatures (collateral kills)
  4 goblins (D:3)
  A hobgoblin (D:1)
  A rat (D:3)
6 creatures vanquished.

Grand Total: 211 creatures vanquished

Notes
Turn   | Place    | Note
-------+----------+-------------------------------------------
     0 | D:1      | LLavrengius the Mummy Necromancer began the quest for the
                  | Orb.
     0 | D:1      | Reached XP level 1. HP: 13/13 MP: 4/4
   164 | D:1      | Reached XP level 2. HP: 16/19 MP: 0/5
   167 | D:1      | Learned a level 1 spell: Animate Skeleton
   943 | D:1      | Reached XP level 3. HP: 25/25 MP: 7/7
  1161 | D:1      | Reached skill level 1 in Fighting
  1639 | D:1      | Learned a level 3 spell: Vampiric Draining
  1880 | D:2      | Reached XP level 4. HP: 32/32 MP: 5/9
  2240 | D:2      | Found a deep blue altar of Sif Muna.
  2348 | D:2      | Reached skill level 5 in Necromancy
  2808 | D:3      | Noticed Ijyb
  3195 | D:3      | Reached XP level 5. HP: 28/38 MP: 11/11
  3440 | D:3      | Noticed Robin
  3463 | D:2      | Killed Robin
  3629 | D:3      | Learned a level 4 spell: Animate Dead
  3852 | D:3      | Killed Ijyb
  4035 | D:4      | Reached XP level 6. HP: 35/47 MP: 11/13
  4292 | D:4      | Reached skill level 5 in Spellcasting
  4328 | D:4      | Found a glowing silver altar of Zin.
  4515 | D:4      | Found a radiant altar of Vehumet.
  4515 | D:4      | Found a hide-covered altar of Uskayaw.
  4516 | D:4      | Found a white marble altar of Elyvilon.
  4529 | D:4      | Found Qucef's Armour Emporium.
  4903 | D:4      | Reached XP level 7. HP: 53/53 MP: 15/15
  5001 | D:4      | Found an ornate altar of the Wu Jian Council.
  5003 | D:4      | Found a shadowy altar of Dithmenos.
  5003 | D:4      | Found a shimmering altar of Xom.
  5020 | D:4      | Found a bloodstained altar of Trog.
  5020 | D:4      | Found a sacrificial altar of Ru.
  5020 | D:4      | Found an opulent altar of Gozag.
  5073 | D:5      | Entered Level 5 of the Dungeon
  5154 | D:5      | Found a sparkling altar of Nemelex Xobeh.
  5240 | D:5      | Found a glowing golden altar of the Shining One.
  5240 | D:5      | Found a runed door.
  5240 | D:5      | Noticed an angel
  5953 | D:6      | Found a staircase to the Ecumenical Temple.
  5959 | Temple   | Entered the Ecumenical Temple
  6369 | D:7      | Found Pihaed's Distillery.
  6559 | D:7      | Reached XP level 8. HP: 48/61 MP: 18/18
  6608 | D:7      | Found an ancient bone altar of Kikubaaqudgha.
  6616 | D:7      | Became a worshipper of Kikubaaqudgha
  6675 | D:7      | Reached skill level 5 in Fighting
  7372 | D:5      | Noticed Duvessa
  7372 | D:5      | Noticed Dowan
  7399 | D:5      | Killed Duvessa
  7400 | D:5      | Killed Dowan
  7845 | D:5      | Reached * piety under Kikubaaqudgha
  7845 | D:5      | Identified Kikubaaqudgha's Guide on Dark Rites
                  | (Kikubaaqudgha gifted it to you on level 5 of the Dungeon)
  7845 | D:5      | Received a gift from Kikubaaqudgha
  8060 | D:8      | Found a blossoming altar of Fedhas.
  8421 | D:8      | Reached skill level 1 in Polearms
  8445 | D:8      | Reached XP level 9. HP: 61/71 MP: 21/21
  9141 | D:9      | Found a staircase to the Orcish Mines.
  9728 | D:9      | Noticed a meliai
  9732 | D:9      | Noticed a meliai
  9732 | D:9      | Noticed a meliai
  9736 | D:9      | Killed a meliai
  9736 | D:9      | Killed from afar by a meliai

Vault maps used:
D:1:      onia_arrival_mini_maze_b, chequers_jeans
D:2:      led_sif_pool
D:3:      minmay_vboxes, uniq_ijyb, uniq_robin
D:4:      doesnt_xom_only_xom, gammafunk_temple_overflow_forgotten,
          overflow_temple_1_default, serial_shops, shop
D:5:      nemelex_xobeh_ov_fountains_minmay, first_ration, lemuel_angel_altar,
          uniq_duvessa
D:6:      minmay_temple_entry_fiery, serial_glass, glass_columns_c,
          glass_columns_c, minmay_pentangle
D:7:      lemuel_coloured_pillars_altar, serial_shops, shop
D:8:      blue_anna_alchemist, fedhas_altar_3
D:9:      kennysheep_mini_moat
Temple:   eino_temple_lava

Skill      XL: |  1  2  3  4  5  6  7  8  9 |
---------------+----------------------------+-----
Spellcasting   | 3 4 5 6 8 9 |  9.6
Fighting       | 1 2 3 4 6 7 |  7.5
Necromancy     | 5 6 8 9 |  9.0
Polearms       | 1 3 |  3.3
Dodging        | |  1.5
Stealth        | |  1.5

Action                   |  1- 3 |  4- 6 |  7- 9 || total
-------------------------+-------+-------+-------++-------
Melee: Unarmed           |     3 |       |       ||     3
       Dagger            |    20 |   154 |   208 ||   382
       Spear             |       |       |   209 ||   209
Throw: Stone             |       |       |     1 ||     1
 Cast: Pain              |    69 |    59 |    63 ||   191
       Animate Skeleton  |     1 |    10 |     2 ||    13
       Vampiric Draining |       |    16 |    50 ||    66
       Animate Dead      |       |     1 |     1 ||     2
  Use: Scroll            |       |       |    12 ||    12
 Stab: Sleeping          |     2 |     1 |     1 ||     4
Armor: Robe              |     2 |       |       ||     2
       Leather armour    |       |    47 |       ||    47
       Quicksilver drago |       |     4 |   279 ||   283
Dodge: Dodged            |    18 |   109 |   264 ||   391

Table legend:
 A = Non-vault XP
 B = Vault XP
 C = Vault XP percentage of total XP
 D = Non-vault monster count
 E = Vault monster count
 F = Vault count percentage of total count
                 A         B        C        D         E       F
            +---------+---------+-------+---------+---------+-------
      Total |    4610 |     460 |   9.1 |     188 |      23 |  10.9
            +---------+---------+-------+---------+---------+-------
        D:1 |      68 |       0 |   0.0 |      36 |       0 |   0.0
        D:2 |      76 |      15 |  16.5 |      27 |       1 |   3.6
        D:3 |      86 |      89 |  50.9 |      27 |      17 |  38.6
        D:4 |     441 |       0 |   0.0 |      21 |       0 |   0.0
        D:5 |     412 |     223 |  35.1 |      12 |       2 |  14.3
        D:6 |     267 |      36 |  11.9 |       7 |       2 |  22.2
        D:7 |     693 |       0 |   0.0 |      20 |       0 |   0.0
        D:8 |     397 |      97 |  19.6 |      10 |       1 |   9.1
        D:9 |    2170 |       0 |   0.0 |      28 |       0 |   0.0
            +---------+---------+-------+---------+---------+-------
